 Dungeon Crawl Stone Soup version 0.29.0-11-gd7f09526c8 (webtiles) character file.

Game seed: 16113657051880032962

996 Ordine the Cudgeller (level 8, -1/51 HPs)
             Began as a Gargoyle Fighter on Sept 4, 2022.
             Slain by Edmund
             ... wielding a +0 flail of draining
              (14 damage)
             ... on level 4 of the Dungeon.
             The game lasted 00:08:40 (4748 turns).

Ordine the Cudgeller (Gargoyle Fighter)             Turns: 4748, Time: 00:08:40

Health: -1/51      AC: 12    Str: 22    XL:     8   Next: 19%
Magic:  8/8        EV:  9    Int:  9    God:
Gold:   155        SH:  5    Dex:  9    Spells: 7/7 levels left

rFire   . . .      SeeInvis .   p - +4 club
rCold   . . .      Faith    .   c - +0 buckler
rNeg    + . .      Spirit   .   b - +0 scale mail
rPois   ∞          Reflect  .   (no helmet)
rElec   +          Harm     .   s - scarf {repulsion}
rCorr   .          Rampage  .   (no gloves)
Will    .....                   (no boots)
Stlth   ..........              (no amulet)
HPRegen 0.17/turn               (no ring)
MPRegen 0.11/turn               (no ring)

@: hasted, repel missiles, very quick
A: sickness immunity, AC +5, negative energy resistance 1, electricity
resistance, torment resistance 1, petrification resistance
a: no special abilities


You were on level 4 of the Dungeon.
You visited 1 branch of the dungeon, and saw 4 of its levels.
You also visited: Sewer.

You collected 207 gold pieces.
You spent 52 gold pieces at shops.

Inventory:

Hand Weapons
 p - a +4 club (weapon)
Missiles
 r - 17 poisoned darts (quivered)
 x - 2 curare-tipped darts
Armour
 a - a +0 cloak
 b - a +0 scale mail (worn)
 c - a +0 buckler (worn)
 s - a scarf of repulsion (worn)
Jewellery
 q - an amulet of reflection
Wands
 z - a wand of acid (8)
Scrolls
 g - a scroll of noise {unknown}
 i - 5 scrolls of teleportation {unknown}
 j - 3 scrolls of vulnerability {unknown}
 k - 6 scrolls of identify {unknown}
 m - a scroll of enchant weapon {unknown}
 n - 4 scrolls of amnesia {unknown}
 o - a scroll of enchant armour {unknown}
 w - a scroll of summoning {unknown}
 y - a scroll of butterflies {unknown}
Potions
 d - a potion of invisibility {unknown}
 e - 2 potions of mutation {unknown}
 f - a potion of heal wounds {unknown}
 h - 3 potions of lignification {unknown}
 l - a potion of haste
 t - a potion of resistance {unknown}
 u - a potion of ambrosia {unknown}
 v - a potion of magic {unknown}


   Skills:
 + Level 6.0 Fighting
 * Level 6.8 Maces & Flails
 - Level 3.2 Armour
 + Level 5.9 Shields


You had 7 spell levels left.
You didn't know any spells.
Your spell library contained the following spells:

 Spells                   Type           Power      Damage    Failure   Level
 Gell's Gravitas          Tloc           0%         N/A       99%         3
 Teleport Other           Tloc           0%         N/A       99%         3
 Dispersal                Tloc           0%         N/A       100%        6


Dungeon Overview and Level Annotations

Branches:
Dungeon (4/15)              Sewer (visited)
 Temple: D:4-7

Altars:

Shops:
D:2 !

Annotations:
D:4 Edmund


Innate Abilities, Weirdness & Mutations

You are immune to sickness and miasma.
Your stone body is resilient. (AC +5)
You are immune to poison.
You resist negative energy. (rN+)
You are resistant to electric shocks. (rElec)
You are resistant to unholy torment.
You are immune to petrification.


Message History

You hit Edmund.
Edmund is lightly wounded.
Edmund drinks a potion.
Edmund goes berserk!
The goblin hits you but does no damage.
You hit Edmund.
Edmund is lightly wounded.
You block Edmund's attack.
You sock Edmund!
Edmund is moderately wounded.
The goblin hits you but does no damage.
Edmund hits you with a +0 flail of draining!
You hit Edmund but do no damage.
Edmund is moderately wounded.
You block Edmund's attack. You block the goblin's attack.
You hit Edmund.
Edmund is moderately wounded.
Edmund hits you with a +0 flail of draining.
You block the goblin's attack.
You hit Edmund.
Edmund is moderately wounded.
Edmund hits you with a +0 flail of draining.
You hit Edmund.
Edmund is heavily wounded.
You block the goblin's attack. You block Edmund's attack.
You barely miss Edmund.
Edmund is heavily wounded.
Edmund hits you with a +0 flail of draining.
The goblin hits you but does no damage.
You hit Edmund.
Edmund is heavily wounded.
Edmund hits you with a +0 flail of draining!
* * * LOW HITPOINT WARNING * * *
The goblin hits you with a +0 short sword.
* * * LOW HITPOINT WARNING * * *
You are too injured to fight recklessly!
You are too injured to fight recklessly!
You hit Edmund but do no damage.
Edmund is heavily wounded.
Edmund hits you with a +0 flail of draining!
You die...

###### #### ..# ##.....#
####...########..# #.#.#..#
.................. ......[#
.................) #.#.#..#
....?............. .......#
......@...........
#.#.#..+.......g@..........
.......#..###..####'######
#.#.#.##..###..###..#
......#.........#...#
#.#.#.#.........#...#
<.....#.........#...#
#.#.#.#.........#...#
.†(...###.####.##.###
#.#.#####.####.##.####..


You could see Edmund (berserk) and a goblin.

Vanquished Creatures
  The ghost of Zeus21348 the Chopper, an amateur HOMo (D:3)
  6 kobold brigands (Sewer)
  A scorpion (D:4)
  A water moccasin zombie (D:3)
  A bullfrog zombie (D:3)
  A centaur skeleton (D:3)
  Jessica (D:2)
  An orc wizard (D:3)
  7 adders
  2 river rats (Sewer)
  An ufetubus (D:4)
  6 worms
  2 dart slugs
  11 orcs
  4 bats
  15 endoplasms
  4 giant cockroaches
  4 goblins
  7 hobgoblins
  9 kobolds
  5 quokkas
  7 ball pythons
  3 frilled lizards (D:1)
  14 rats
114 creatures vanquished.

Notes
Turn   | Place    | Note
-------+----------+-------------------------------------------
     0 | D:1      | Ordine the Gargoyle Fighter began the quest for the Orb.
     0 | D:1      | Reached XP level 1. HP: 14/14 MP: 1/1
    58 | D:1      | Reached XP level 2. HP: 15/19 MP: 2/2
   473 | D:1      | Reached XP level 3. HP: 22/23 MP: 3/3
  1119 | D:2      | Noticed Jessica
  1125 | D:2      | Killed Jessica
  1126 | D:2      | Reached XP level 4. HP: 23/29 MP: 4/4
  1380 | D:2      | Found a faded altar of an unknown god.
  1599 | D:2      | Found Iklyh's Distillery.
  1606 | D:2      | Bought a potion of curing for 39 gold pieces
  1606 | D:2      | Bought a potion of degeneration for 13 gold pieces
  2001 | D:3      | Reached XP level 5. HP: 33/33 MP: 5/5
  2135 | D:3      | Found a runed translucent gate.
  2135 | D:3      | Found a runed translucent gate.
  2136 | D:3      | Found a runed translucent gate.
  2140 | D:3      | Noticed Zeus21348's ghost (amateur HOMo)
  2291 | D:3      | Found a glowing drain.
  2301 | Sewer    | Entered a sewer
  2673 | Sewer    | Noticed a kobold brigand
  2692 | Sewer    | Killed a kobold brigand
  2693 | Sewer    | Reached XP level 6. HP: 32/39 MP: 6/6
  3099 | Sewer    | Reached skill level 5 in Maces & Flails
  3384 | Sewer    | Reached skill level 5 in Fighting
  3384 | Sewer    | Reached skill level 5 in Shields
  3384 | Sewer    | Reached XP level 7. HP: 43/44 MP: 7/7
  4163 | D:3      | Killed Zeus21348's ghost
  4167 | D:3      | Reached XP level 8. HP: 32/51 MP: 8/8
  4731 | D:4      | Noticed Edmund
  4748 | D:4      | Slain by Edmund

Illustrated notes

Levels and vault maps discovered:
D:1:      kennysheep_arrival_forest, layout_rooms
D:2:      layout_basic, serial_shops, shop, hellmonk_ecumenical_altar_zigzags,
          uniq_jessica
D:3:      layout_basic, gammafunk_ghost_necromancy, cheibrodos_sewer_entry_bend
D:4:      layout_gridville, lemuel_doored_altar, st_stairs_12, uniq_edmund

Skill      XL: |  1  2  3  4  5  6  7  8 |
---------------+-------------------------+-----
Maces & Flails | 3 4 5 6 |  6.8
Fighting       | 4 5 6 |  6.0
Shields        | 4 5 |  5.9
Armour         | |  3.2

Action                   |  1- 3 |  4- 6 |  7- 9 || total
-------------------------+-------+-------+-------++-------
Melee: Flail             |    91 |     3 |       ||    94
       Club              |       |   182 |   154 ||   336
Throw: Dart              |       |     4 |     2 ||     6
  Use: Potion            |       |     2 |     2 ||     4
Armor: Scale mail        |    53 |    68 |    73 ||   194
Dodge: Dodged            |    45 |    70 |    61 ||   176
Block: Buckler           |    35 |    33 |    31 ||    99
